 Dungeon Crawl Stone Soup version 0.30-a0-1160-g6e42c06551 (webtiles) character file.

Game seed: 15478506586891385715

2020 cheesebisquit the Grappler (level 9, -7/86 (87) HPs)
             Began as a Troll Fighter on Apr 25, 2023.
             Was an Initiate of Wu Jian.
             Mangled by a two-headed ogre
             ... wielding a +0 giant spiked club
              (24 damage)
             ... on level 8 of the Dungeon.
             The game lasted 00:21:13 (6321 turns).

cheesebisquit the Grappler (Troll Fighter)          Turns: 6321, Time: 00:21:14

HP:   -7/86 (87)    AC:  6    Str: 28    XL:     9   Next: 3%
MP:   8/8           EV:  9    Int:  6    God:    Wu Jian [......]
Gold: 379           SH:  9    Dex:  9    Spells: 8/8 levels left

rFire   + .          .
                       - Unarmed
rCold   . . .        b - +0 kite shield
rNeg    . . .        I - +1 robe of Melancholy {Contam rElec rF+}
rPois   .            (helmet restricted)
rElec   +            j - +0 cloak
rCorr   .            (gloves unavailable)
SInv    .            (boots unavailable)
Will    .....        (no amulet)
Stlth   +            (no ring)
HPRegen 1.14/turn    (no ring)
MPRegen 0.11/turn

%: no passive effects
@: mighty, hasted, lightly drained, very quick
A: large, unfitting armour, claws 3, regeneration 1, shaggy fur 1, tough skin 1
a: Renounce Religion


You were on level 8 of the Dungeon.
You worshipped Wu Jian.
Wu Jian was noncommittal.
You visited 2 branches of the dungeon, and saw 9 of its levels.

You collected 379 gold pieces.

Inventory:

Hand Weapons
 f - a +2 sling of electrocution
 C - a +0 giant spiked club
Missiles
 a - 5 javelins
 s - 5 poisoned darts (quivered)
 u - 12 boomerangs
 v - 34 stones
 F - 5 large rocks
Armour
 b - a +0 kite shield (worn)
 j - a +0 cloak (worn)
 I - the +1 robe of Melancholy (worn) {Contam rElec rF+}
   (You found it on level 6 of the Dungeon)

   rF:        It protects you from fire.
   rElec:     It insulates you from electricity.
   Contam:    It causes magical contamination when unequipped.
Jewellery
 t - a +6 ring of strength
Wands
 z - a wand of mindburst (13)
 G - a wand of flame (11)
Scrolls
 d - a scroll of fog
 e - 2 scrolls of blinking
 g - a scroll of poison
 h - 4 scrolls of enchant weapon
 i - a scroll of fear
 k - 4 scrolls of noise
 l - a scroll of brand weapon
 p - 6 scrolls of teleportation
 r - a scroll of vulnerability {unknown}
 y - a scroll of acquirement {unknown}
 D - a scroll of immolation
 H - a scroll of silence {unknown}
 J - a scroll of enchant armour {unknown}
 K - a scroll of identify
Potions
 c - a potion of might
 m - 2 potions of flight
 n - a potion of cancellation
 o - 3 potions of curing
 q - 2 potions of magic
 w - a potion of mutation
 x - a potion of lignification
 E - a potion of degeneration
 L - a potion of attraction {unknown}


   Skills:
 + Level 4.9 Fighting
 + Level 1.0 Throwing
 - Level 3.0 Dodging
 + Level 6.5 Shields
 * Level 8.2 Unarmed Combat


You had 8 spell levels left.
You didn't know any spells.
Your spell library contained the following spells:

 Spells                   Type           Power      Damage    Failure   Level
 Ensorcelled Hibernation  Hex/Ice        0%         N/A       80%         2
 Passwall                 Tmut/Erth      0%         N/A       80%         2
 Dazzling Flash           Conj/Hex       0%         N/A       95%         3
 Swiftness                Air            0%         N/A       95%         3
 Tukima's Dance           Hex            0%         N/A       95%         3
 Volatile Blastmotes      Fire/Tloc      0%         2d10      95%         3
 Animate Armour           Summ/Erth      0%         N/A       100%        4
 Iskenderun's Mystic Bla  Conj/Tloc      0%         2d3       100%        4
 Passage of Golubria      Tloc           0%         N/A       100%        4
 Petrify                  Tmut/Erth      0%         N/A       100%        4
 Blade Hands              Tmut           0%         N/A       100%        5
 Metabolic Englaciation   Hex/Ice        0%         N/A       100%        5
 Yara's Violent Unravell  Hex/Tmut       0%         3d3       100%        5
 Iron Shot                Conj/Erth      0%         9d1       100%        6
 Starburst                Conj/Fire      0%         6d3       100%        6
 Statue Form              Tmut/Erth      0%         N/A       100%        6


Dungeon Overview and Level Annotations

Branches:
Dungeon (8/15)             Temple (1/1) D:6
   Lair: D:8-11

Altars:
Ashenzari
Cheibriados
Dithmenos
Fedhas
Gozag
Hepliaklqana
Kikubaaqudgha
Makhleb
Nemelex Xobeh
Okawaru
Qazlal
Ru
Sif Muna
Trog
Uskayaw
Vehumet
Wu Jian
Xom
Yredelemnul
Zin
The Shining One

Shops:
D:4 [


Innate Abilities, Weirdness & Mutations

You are too large for most types of armour.
You have claws for hands.
Your natural rate of healing is unusually fast.
You are covered in fur. (AC +1)
You have tough skin. (AC +1)


Message History

You feel drained. The orc hits you with a +0 flail.
You hear some strange, mumbled words.
A puff of flame appears from out of thin air!
The puff of flame hits you. You resist.
Your Throwing skill increases to level 1!
The orc attacks as you move away! You block the orc's attack.
The wight attacks as you move away! You block the wight's attack.
You hear some strange, mumbled words.
A magic dart appears from out of thin air!
The magic dart hits you.
You claw something!
The wight hits you with a +0 great sword.
Something hits you but does no damage.
You mangle something!! The Council accepts your kill.
Reactivating autopickup.
You feel a bit more experienced.
Things that are here:
a +0 dagger; a +0 robe; an orc corpse The two-headed ogre attacks as you move away!
The two-headed ogre hits you with a +0 giant spiked club!!
* * * LOW HITPOINT WARNING * * *
The two-headed ogre closely misses you.
You feel much better.
You feel yourself speed up.
The two-headed ogre hits you with a +0 giant spiked club.
The two-headed ogre hits you with a +0 giant club!
You feel very mighty all of a sudden.
The two-headed ogre hits you with a +0 giant spiked club!
* * * LOW HITPOINT WARNING * * *
You block the two-headed ogre's attack.
You claw the two-headed ogre!
The two-headed ogre is moderately wounded.
You claw the two-headed ogre!
The two-headed ogre is heavily wounded.
You mangle the two-headed ogre!!
The two-headed ogre is almost dead.
You block the two-headed ogre's attack.
The two-headed ogre hits you with a +0 giant club!!
You die...

##########
#<....@Oo#
#.######z#
.........z..#
#.##.##.......#
# #.##......$..
..##....(.....
####.......8....
.............
####.##.....#.


You could see a two-headed ogre, a wight and an orc.

Vanquished Creatures
  A wyvern (D:7)
  A water moccasin (D:5)
  An orc warrior (D:6)
  A sky beast (D:7)
  4 ogres (D:5)
  2 centaurs
  A phantom (D:6)
  2 bullfrogs
  A gnoll sergeant (D:6)
  2 scorpions
  The ghost of Dittersdorf the Shield-Bearer, a weakling GrFi (D:3)
  3 orc priests
  Crazy Yiuf (D:4)
  3 hounds
  3 iguanas
  2 orc wizards
  8 adders
  13 gnolls
  A shadow imp (D:5)
  A white imp (D:7)
  A worm (D:4)
  5 dart slugs
  19 orcs
  7 ball pythons
  9 endoplasms
  3 giant cockroaches
  8 goblins
  7 hobgoblins
  7 jackals
  2 quokkas
  5 bats
  5 frilled lizards
  11 kobolds
  8 rats
149 creatures vanquished.

Notes
Turn   | Place    | Note
-------+----------+-------------------------------------------
     0 | D:1      | cheesebisquit the Troll Fighter began the quest for the
                  | Orb.
     0 | D:1      | Reached XP level 1. HP: 22/22 MP: 0/0
   145 | D:1      | Reached XP level 2. HP: 29/29 MP: 1/1
   217 | D:1      | Reached skill level 3 in Unarmed Combat
   762 | D:2      | Reached XP level 3. HP: 36/36 MP: 2/2
   781 | D:2      | You fall into a shaft and drop 2 floors!
   804 | D:3      | Reached skill level 4 in Unarmed Combat
   985 | D:3      | Found a runed translucent door.
   995 | D:3      | Noticed a bullfrog
  1002 | D:3      | Found a hazy altar of Hepliaklqana.
  1015 | D:3      | Noticed Dittersdorf's ghost (weakling GrFi)
  1112 | D:2      | Reached XP level 4. HP: 41/44 MP: 3/3
  2074 | D:3      | Reached XP level 5. HP: 46/53 MP: 4/4
  2221 | D:3      | Reached skill level 5 in Unarmed Combat
  2529 | D:3      | Killed Dittersdorf's ghost
  2530 | D:3      | Reached XP level 6. HP: 54/61 MP: 5/5
  2905 | D:4      | Found Wyvvoall's Armour Shop.
  3152 | D:4      | Found a runed translucent door.
  3153 | D:4      | Noticed Crazy Yiuf
  3212 | D:4      | Killed Crazy Yiuf
  3280 | D:5      | Entered Level 5 of the Dungeon
  3309 | D:5      | Reached skill level 5 in Shields
  3374 | D:5      | Identified the +3 quarterstaff "Lukhaff" {flame, Dex+3}
  3400 | D:5      | Found a shimmering altar of Xom.
  3403 | D:5      | Found a radiant altar of Vehumet.
  3522 | D:5      | Noticed a water moccasin
  3528 | D:5      | Reached XP level 7. HP: 67/67 MP: 6/6
  3666 | D:5      | Reached skill level 6 in Unarmed Combat
  3674 | D:5      | Reached XP level 8. HP: 32/78 MP: 7/7
  4486 | D:6      | Found a staircase to the Ecumenical Temple.
  4540 | Temple   | Entered the Ecumenical Temple
  4891 | Temple   | Became a worshipper of the Wu Jian Council
  4935 | D:6      | Identified the +1 robe of Melancholy {Contam rElec rF+}
  4949 | D:6      | Reached skill level 7 in Unarmed Combat
  5721 | D:7      | Found a glowing golden altar of the Shining One.
  5757 | D:7      | Found a snail-covered altar of Cheibriados.
  6098 | D:7      | Reached skill level 8 in Unarmed Combat
  6262 | D:8      | Reached XP level 9. HP: 87/87 MP: 8/8
  6303 | D:8      | Noticed a two-headed ogre
  6311 | D:8      | Reached skill level 1 in Throwing
  6321 | D:8      | Mangled by a two-headed ogre

Illustrated notes

Levels and vault maps discovered:
D:1:      saegor_arrival_under_anarchy, layout_loops_ring, minmay_tetromino_i4
D:2:      layout_basic, serial_forest, infiniplex_forest_lined_room_2,
          infiniplex_forest_straight_2, infiniplex_forest_lined_room_,
          infiniplex_forest_lined_2, infiniplex_forest_straight_4,
          infiniplex_forest_clump_long
D:3:      layout_loops_cross, mainiacjoe_overflow_paths, ebering_ghost_sewer_d,
          minmay_pentomino_pile
D:4:      layout_loops_cross, serial_shops, nicolae_shop_just_a_little_nook,
          uniq_crazy_yiuf_cottage
D:5:      layout_basic, nicolae_overflow_squiral, serial_rivers,
          chequers_serial_rivers_micro_a, chequers_serial_rivers_micro_b,
          chequers_serial_rivers_small_b, chequers_serial_rivers_large_a
D:6:      layout_layer_cave, minmay_temple_entry_glass
D:7:      layout_rooms, mainiacjoe_overflow_two_lobes
D:8:      layout_basic, serial_undead, serial_undead_e, serial_undead_d,
          serial_undead_d, serial_undead_e
Temple:   compressed_dpeg_triangle_lava_temple

Skill      XL: |  1  2  3  4  5  6  7  8  9 |
---------------+----------------------------+-----
Unarmed Combat | 3 4 5 6 8 |  8.2
Fighting       | 3 4 |  4.9
Shields        | 4 5 6 |  6.5
Dodging        | 3 |  3.0
Throwing       | 1 |  1.0

Action                     |  1- 3 |  4- 6 |  7- 9 || total
---------------------------+-------+-------+-------++-------
  Melee: Unarmed           |   108 |   158 |   127 ||   393
   Fire: Sling             |       |       |    27 ||    27
  Throw: Dart              |       |    11 |    11 ||    22
Ability: Lunge             |       |       |     5 ||     5
    Use: Scroll            |       |       |    17 ||    17
         Potion            |       |       |     3 ||     3
   Stab: Sleeping          |     1 |     1 |       ||     2
 Armour: Robe              |    32 |    28 |    25 ||    85
  Dodge: Dodged            |    28 |    36 |    39 ||   103
  Block: Kite shield       |    28 |    54 |    67 ||   149

Table legend: (Time is in decaauts)
 A = Elapsed time spent in this place.
 B = Non-inter-level travel time spent in this place.
 C = Inter-level travel time spent in this place.
 D = Time resting spent in this place.
 E = Time spent auto-exploring this place.
 F = Levels seen in this place.
 G = Mean time per level.
                   A        B        C        D        E       F      G
               +--------+--------+--------+--------+--------+-----+--------+
         Total |   6337 |   5998 |    339 |    100 |   4810 |   9 |  704.1 |
       Dungeon |   5967 |   5674 |    293 |    100 |   4496 |   8 |  745.9 |
        Temple |    369 |    323 |     46 |      0 |    314 |   1 |  369.0 |
               +--------+--------+--------+--------+--------+-----+--------+

Top non-repeatable levels by time:
     D:6: 1269 daAuts
     D:3: 1022 daAuts
     D:5: 787 daAuts
     D:1: 779 daAuts
     D:4: 751 daAuts
     D:2: 735 daAuts
     D:7: 564 daAuts
  Temple: 369 daAuts
     D:8: 57 daAuts
